 Dungeon Crawl Stone Soup version 0.30.1-4-g462c640d31 (webtiles) character file.

Game seed: 8259264044736027286

15 Peloso the Covered (level 2, -4/26 HPs)
             Began as an Armataur Fighter on Sept 7, 2023.
             Frozen to death by an endoplasm (5 damage)
             ... on level 1 of the Dungeon.
             The game lasted 00:01:18 (490 turns).

Peloso the Covered (Armataur Fighter)                Turns: 490, Time: 00:01:20

Health: -4/26      AC:  7    Str: 21    XL:     2   Next: 34%
Magic:  2/2        EV:  7    Int:  8    God:
Gold:   63         SH:  4    Dex:  9    Spells: 1/1 levels left

rFire   . . .        a - +0 long sword
rCold   . . .        c - +0 buckler
rNeg    . . .        b - +0 scale mail
rPois   .            (no helmet)
rElec   .            (no cloak)
rCorr   .            (no gloves)
SInv    .            (no barding)
Will    .....        (no amulet) Stlth
                     (no ring)
HPRegen 0.24/turn    (no ring)
MPRegen 0.08/turn

%: roll
@: no status effects
A: large, rugged brown scales 3, deformed body, armoured tail, roll, long
tongue, awkward tongue
a: no special abilities


You were on level 1 of the Dungeon.
You visited 1 branch of the dungeon, and saw 1 of its levels.

You collected 63 gold pieces.

Inventory:

Hand Weapons
 a - a +0 long sword (weapon)
Armour
 b - a +0 scale mail (worn)
 c - a +0 buckler (worn)
Scrolls
 f - a scroll of enchant weapon {unknown}
 g - a scroll of enchant armour {unknown}
 h - a scroll of identify {unknown}
Potions
 d - 2 potions of might
 e - a potion of brilliance {unknown}
 i - a potion of lignification {unknown}
 j - a potion of attraction {unknown}
 k - 2 potions of curing {unknown}


   Skills:
 + Level 2.8 Fighting
 + Level 2.1 Long Blades
 + Level 3.9 Armour
 + Level 3.5 Shields


You had one spell level left.
You didn't know any spells.
Your spell library was empty.

Dungeon Overview and Level Annotations

Branches:
Dungeon (1/15)

Altars:


Innate Abilities, Weirdness & Mutations

You are completely covered in rugged brown scales. (AC +3, +7% HP)
Armour fits poorly on your strangely shaped body.
You have a long armoured tail.
You roll when moving toward enemies. (Rampage)
Your long tongue fully drains potion bottles. (2x potion effects)
Your tongue gives you trouble enunciating. (1.5x scroll delay)


Message History

You are frozen.
The jackal bites you but does no damage.
You barely miss the jackal.
The jackal is lightly wounded.
The jackal bites you but does no damage.
The endoplasm freezes you.
You are frozen.
The jackal bites you. The endoplasm hits you.
You hit the jackal.
The jackal is severely wounded.
The jackal bites you but does no damage.
You block the endoplasm's attack.
You miss the jackal.
Your tail-slap misses the jackal.
The jackal is severely wounded.
You block the jackal's attack. The jackal bites you.
You block the endoplasm's attack.
You barely miss the jackal.
The jackal is severely wounded.
The jackal bites you but does no damage.
The endoplasm closely misses you. The jackal closely misses you.
You closely miss the jackal.
The jackal is severely wounded.
The jackal barely misses you. The endoplasm freezes you.
You are frozen.
The jackal bites you but does no damage.
The endoplasm freezes you.
You are frozen.
* * * LOW HITPOINT WARNING * * *
You completely miss the jackal.
The jackal is severely wounded.
You block the jackal's attack. The endoplasm barely misses you.
The jackal bites you.
* * * LOW HITPOINT WARNING * * *
You hit the jackal.
The jackal is almost dead.
The jackal bites you.
* * * LOW HITPOINT WARNING * * *
The endoplasm freezes you.
You are frozen.
You die...

#########
#....J@h#
#.#####.#
# #.# .
#.# #.
#.#
#.##.##.#
#.......#
##......#
#.#.##.#


You could see an endoplasm and a jackal.

Vanquished Creatures
  2 endoplasms (D:1)
  A giant cockroach (D:1)
  A jackal (D:1)
  3 ball pythons (D:1)
  2 bats (D:1)
  A goblin (D:1)
  7 rats (D:1)
17 creatures vanquished.

Notes
Turn   | Place    | Note
-------+----------+-------------------------------------------
     0 | D:1      | Peloso the Armataur Fighter began the quest for the Orb.
     0 | D:1      | Reached XP level 1. HP: 19/19 MP: 1/1
   327 | D:1      | Reached XP level 2. HP: 25/26 MP: 2/2
   490 | D:1      | HP: 1/26 [jackal (2)]
   490 | D:1      | Frozen to death by an endoplasm

Illustrated notes

Levels and vault maps discovered:
D:1:      nzn_arrival_settlement, layout_loops_cross

Skill      XL: |  1 |
---------------+----+-----
Long Blades    | 2 |  2.1
Fighting       | |  2.8
Armour         | |  3.9
Shields        | |  3.5

Action                     || total
---------------------------++-------
  Melee: Long sword        ||    47
         Tailslap          ||     3
 Armour: Scale mail        ||    34
  Dodge: Dodged            ||    26
  Block: Buckler           ||    11
